 Dungeon Crawl Stone Soup version 0.28.0-53-g5a82cb258f (webtiles) character file.

Game seed: 14532473713947724030

347 nickcage the Cudgeller (level 6, -3/50 HPs)
             Began as a Minotaur Gladiator on May 25, 2022.
             Slain by a steam dragon (4 damage)
             ... on level 4 of the Dungeon.
             The game lasted 00:06:42 (2855 turns).

nickcage the Cudgeller (Minotaur Gladiator)         Turns: 2855, Time: 00:06:43

Health: -3/50      AC: 10    Str: 21    XL:     6   Next: 33%
Magic:  5/5        EV:  8    Int:  5    God:
Gold:   252        SH:  3    Dex: 11    Spells: 5/5 levels left

rFire   . . .      SeeInvis +   a - +0 flail
rCold   . . .      Faith    .   m - +0 buckler
rNeg    . . .      Spirit   .   q - +0 chain mail
rPois   .          Reflect  .   c - +1 hat
rElec   .          Harm     .   (no cloak)
rCorr   .          Rampage  .   (no gloves)
Will    .....                   (no boots)
Stlth   ..........              l - amulet of regeneration
HPRegen 0.96/turn               k - ring of see invisible
MPRegen 0.09/turn               (no ring)

@: no status effects
A: horns 2, retaliatory headbutt
a: no special abilities


You were on level 4 of the Dungeon.
You visited 1 branch of the dungeon, and saw 4 of its levels.

You collected 252 gold pieces.

Inventory:

Hand Weapons
 a - a +0 flail (weapon)
Missiles
 d - 3 throwing nets
 f - 18 poisoned darts (quivered)
Armour
 c - a +1 hat (worn)
 m - a +0 buckler (worn)
 q - a +0 chain mail (worn)
Jewellery
 k - a ring of see invisible (left hand)
 l - an amulet of regeneration (around neck)
Wands
 o - a wand of digging (2)
Scrolls
 b - a scroll of enchant armour
 n - a scroll of teleportation
Potions
 g - a potion of haste
 h - a potion of ambrosia
 i - 2 potions of resistance
 j - a potion of curing {unknown}
 p - a potion of mutation {unknown}


   Skills:
 - Level 2.4 Fighting
 + Level 6.8 Maces & Flails
 - Level 2.0 Throwing
 + Level 4.8 Armour
 - Level 3.2 Dodging
 + Level 1.0 Shields


You had 5 spell levels left.
You didn't know any spells.
Your spell library contained the following spells:

 Spells                   Type           Power      Damage    Failure   Level
 Gell's Gravitas          Tloc           0%         N/A       100%        3
 Lesser Beckoning         Tloc           0%         N/A       100%        3
 Teleport Other           Tloc           0%         N/A       100%        3


Dungeon Overview and Level Annotations

Branches:
Dungeon (4/15)
 Temple: D:4-7

Altars:


Innate Abilities, Weirdness & Mutations

You have a pair of horns on your head.
You reflexively headbutt those who attack you in melee.


Message History

You are engulfed in a cloud of scalding steam.
The steam dragon closely misses you. The steam dragon barely misses you.
You hit the steam dragon.
The steam dragon is heavily wounded.
You are engulfed in a cloud of scalding steam.
You block the steam dragon's attack. The steam dragon claws you.
You closely miss the steam dragon.
The steam dragon is heavily wounded.
You are engulfed in a cloud of scalding steam.
The steam dragon bites you but does no damage.
The steam dragon claws you but does no damage.
You hit the steam dragon. You headbutt the steam dragon.
The steam dragon is heavily wounded.
The steam dragon barely misses you. You block the steam dragon's attack.
You hit the steam dragon.
The steam dragon is severely wounded.
The steam dragon barely misses you.
The steam dragon claws you but does no damage.
You hit the steam dragon.
The steam dragon is severely wounded.
The steam dragon breathes steam at you. The ball of steam hits you!
* * * LOW HITPOINT WARNING * * *
The steam dragon bites you.
* * * LOW HITPOINT WARNING * * *
The steam dragon claws you but does no damage.
You closely miss the steam dragon. Your headbutt misses the steam dragon.
The steam dragon is severely wounded.
The steam dragon bites you.
* * * LOW HITPOINT WARNING * * *
The steam dragon claws you.
* * * LOW HITPOINT WARNING * * *
You closely miss the steam dragon.
The steam dragon is severely wounded.
The steam dragon bites you but does no damage.
The steam dragon claws you but does no damage.
The steam dragon bites you.
* * * LOW HITPOINT WARNING * * *
The steam dragon claws you.
You die...

#####
##^..#####
#@ยง#.....###
#D######...##
#(# ###..#
#.# ##.# #.#
#.# #.# #.#
#.# #.# #.#
#.# ### #.#
#..


You could see a steam dragon.

Vanquished Creatures
  Sigmund (D:3)
  An ice beast (D:4)
  An iguana (D:4)
  An adder (D:2)
  2 worms
  A dart slug (D:3)
  An orc (D:3)
  7 ball pythons
  6 endoplasms
  2 giant cockroaches
  3 hobgoblins
  6 jackals
  A quokka (D:3)
  2 bats (D:2)
  2 frilled lizards (D:2)
  5 goblins
  7 kobolds
  A rat (D:2)
  A toadstool (D:4)
51 creatures vanquished.

Vanquished Creatures (others)
  6 fungi (D:4)
  19 plants (D:4)
  2 toadstools (D:4)
27 creatures vanquished.

Grand Total: 78 creatures vanquished

Notes
Turn   | Place    | Note
-------+----------+-------------------------------------------
     0 | D:1      | nickcage the Minotaur Gladiator began the quest for the
                  | Orb.
     0 | D:1      | Reached XP level 1. HP: 18/18 MP: 0/0
   264 | D:1      | Reached skill level 4 in Maces & Flails
  1151 | D:2      | Reached XP level 2. HP: 25/25 MP: 1/1
  1270 | D:2      | Reached skill level 1 in Armour
  1453 | D:2      | Reached XP level 3. HP: 27/30 MP: 2/2
  1921 | D:3      | Noticed Sigmund
  1939 | D:3      | Killed Sigmund
  1940 | D:3      | Reached skill level 6 in Maces & Flails
  1940 | D:3      | Reached XP level 4. HP: 32/37 MP: 3/3
  1940 | D:3      | Reached XP level 5. HP: 36/42 MP: 4/4
  2033 | D:3      | Found a faded altar of an unknown god.
  2715 | D:4      | Noticed an ice beast
  2725 | D:4      | Killed an ice beast
  2726 | D:4      | Reached skill level 1 in Shields
  2726 | D:4      | Reached XP level 6. HP: 45/50 MP: 5/5
  2844 | D:4      | Noticed a steam dragon
  2855 | D:4      | HP: 1/50 [steam dragon (3)]
  2855 | D:4      | Slain by a steam dragon

Illustrated notes

Levels and vault maps discovered:
D:1:      dpeg_arrival_rooms_with_view, layout_basic, hex_intersection,
          due_unseen_surprise
D:2:      layout_loops_ring
D:3:      layout_basic, basic_ecumenical_altar, uniq_sigmund
D:4:      layout_loops_ring, nicolae_elyvilon_temple_path, serial_forest,
          infiniplex_forest_straight_4, infiniplex_forest_straight_2,
          infiniplex_forest_lined_3, infiniplex_forest_clump_medium,
          infiniplex_forest_clump_medium, infiniplex_forest_lined_4_way,
          serial_shops, kennysheep_mini, minmay_gold_behind_fungi,
          eino_tiny_chamber

Skill      XL: |  1  2  3  4  5 |
---------------+----------------+-----
Maces & Flails | 4 6 |  6.8
Armour         | 1 4 |  4.8
Shields        | 1 |  1.0
Fighting       | |  2.4
Throwing       | |  2.0
Dodging        | |  3.2

Action                   |  1- 3 |  4- 6 || total
-------------------------+-------+-------++-------
Melee: Flail             |    61 |    68 ||   129
       Headbutt          |    12 |     9 ||    21
Throw: Dart              |       |     6 ||     6
  Use: Scroll            |     6 |     3 ||     9
Armor: Leather armour    |     1 |       ||     1
       Ring mail         |    15 |     1 ||    16
       Chain mail        |       |    25 ||    25
Dodge: Dodged            |    34 |    26 ||    60
Block: Buckler           |     5 |     8 ||    13
